 Dungeon Crawl Stone Soup version 0.31.0-32-g396128a36d (webtiles) character file.

Game seed: 13646343061810944481

4251 cdecastro the Basher (level 10, -1/73 HPs)
             Began as an Armataur Warper on Mar 12, 2024.
             Was an Elder of Fedhas.
             Slain by an orc warrior
             ... wielding a +0 glaive
              (7 damage)
             ... on level 8 of the Dungeon.
             The game lasted 00:18:16 (8759 turns).

cdecastro the Basher (Armataur Warper)              Turns: 8759, Time: 00:18:16

Health: -1/73      AC:  6    Str: 20    XL:     10   Next: 10%
Magic:  1/12       EV:  7    Int: 23    God:    Fedhas [****..]
Gold:   607        SH:  0    Dex: 10    Spells: 2/12 levels left

rFire   . . .        y - +4 flail of Harmony {protect, Str+2 Int+7}
rCold   . . .        (no shield)
rNeg    . . .        B - +0 scale mail
rPois   .            (no helmet)
rElec   .            (no cloak)
rCorr   .            (no gloves)
SInv    .            (no barding)
Will    .....        (no amulet) Stlth
                     (no ring)
HPRegen 0.32/turn    (no ring)
MPRegen 0.13/turn

%: roll
@: hasted, very quick
A: large, deformed body, tough skin 3, armoured tail, roll 2
a: Renounce Religion, Wall of Briars, Grow Ballistomycete, Overgrow


You were on level 8 of the Dungeon.
You worshipped Fedhas.
Fedhas was greatly pleased with you.
You visited 2 branches of the dungeon, and saw 9 of its levels.
You also visited: Ossuary.

You collected 672 gold pieces.
You spent 52 gold pieces at shops.
You donated 13 gold pieces to Zin.

Inventory:

Hand Weapons
 y - the +4 flail of Harmony (weapon) {protect, Str+2 Int+7}
   (You found it on level 4 of the Dungeon)

   Str+2:     It affects your strength (+2).
   Int+7:     It affects your intelligence (+7).
Missiles
 d - 7 darts of dispersal
 m - 10 boomerangs
 p - 10 poisoned darts (quivered)
Armour
 b - a +0 leather armour
 j - a +0 ring mail
 o - a +0 plate armour
 B - a +0 scale mail (worn)
Magical Staves
 s - a staff of air
Jewellery
 e - a +6 ring of intelligence
 z - a ring of poison resistance
 C - a ring of fire
 F - a ring of see invisible
Wands
 w - a wand of iceblast (13)
Scrolls
 c - a scroll of blinking
 f - 3 scrolls of revelation
 g - 4 scrolls of teleportation {unknown}
 i - 2 scrolls of fog {unknown}
 k - 3 scrolls of fear
 n - 3 scrolls of enchant weapon {unknown}
 r - a scroll of poison {unknown}
 x - 3 scrolls of amnesia {unknown}
 D - a scroll of enchant armour {unknown}
Potions
 a - 3 potions of haste
 l - 5 potions of mutation
 q - a potion of attraction
 t - a potion of resistance
 u - 3 potions of brilliance
 v - 2 potions of curing
 A - 4 potions of might
 E - a potion of heal wounds {unknown}


   Skills:
 - Level 1.7 Fighting
 - Level 3.6 Long Blades
 * Level 9.9 Maces & Flails
 - Level 0.8 Throwing
 - Level 1.2 Armour
 - Level 1.3 Dodging
 - Level 1.7 Spellcasting
 + Level 9.8 Translocations


You had 2 spell levels left.
You knew the following spells:

 Your Spells              Type           Power      Damage    Failure   Level
a - Blink                 Tloc           94%        N/A       1%          2
b - Lesser Beckoning      Tloc           94%        N/A       1%          2
c - Gell's Gravitas       Tloc           47%        N/A       2%          3
d - Teleport Other        Tloc           47%        N/A       2%          3

Your spell library contained the following spells:

 Spells                   Type           Power      Damage    Failure   Level
 Kiss of Death            Conj/Necr      8%         2d6       36%         1
 Call Imp                 Summ           4%         N/A       52%         2
 Ensorcelled Hibernation  Hex/Ice        4%         N/A       52%         2
 Sublimation of Blood     Necr           2%         N/A       52%         2
 Manifold Assault         Tloc           47%        N/A       7%          4
 Volatile Blastmotes      Fire/Tloc      48%        2d14      16%         3
 Dimensional Bullseye     Hex/Tloc       12%        N/A       45%         4
 Iskenderun's Mystic Bla  Conj/Tloc      24%        2d7       45%         4
 Vhi's Electric Charge    Tloc/Air       48%        N/A       45%         4
 Call Canine Familiar     Summ           2%         N/A       75%         3
 Confusing Touch          Hex            2%         N/A       75%         3
 Frozen Ramparts          Ice            4%         1d1       75%         3
 Passwall                 Erth           2%         N/A       75%         3
 Sigil of Binding         Hex            2%         N/A       75%         3
 Swiftness                Air            2%         N/A       75%         3
 Dispel Undead            Necr           2%         3d7       98%         4
 Fulminant Prism          Conj/Alch      1%         3d5       98%         4
 Leda's Liquefaction      Alch/Erth      1%         N/A       98%         4
 Petrify                  Alch/Erth      2%         N/A       98%         4
 Metabolic Englaciation   Hex/Ice        1%         N/A       100%        5
 Summon Hydra             Summ           1%         N/A       100%        7


Dungeon Overview and Level Annotations

Branches:
Dungeon (8/15)             Temple (1/1) D:6         Ossuary (visited)
   Lair: D:8-11

Altars:
Ashenzari
Cheibriados
Dithmenos
Elyvilon
Fedhas
Gozag
Hepliaklqana
Kikubaaqudgha
Makhleb
Nemelex Xobeh
Okawaru
Qazlal
Ru
Sif Muna
Trog
Vehumet
Wu Jian
Xom
Yredelemnul
Zin
The Shining One

Shops:
D:2 *

Annotations:
D:2 1 runed translucent door, Crazy Yiuf
D:7 3 runed translucent doors, Skyrie's ghost, novice OpFi


Innate Abilities, Weirdness & Mutations

Armour fits poorly on your strangely shaped body.
You have extremely tough skin. (AC +3)
You have a long armoured tail.
You regenerate magic and health when rolling toward enemies. (Rampage Regen)


Message History

Aim: an orc warrior, wielding a +0 glaive and wearing a +0 chain mail (moderately wounded) Gravity reorients around the orc warrior.
The killer bee collides with the killer bee!
The killer bee is severely wounded.
The killer bee is almost dead.
The killer bee collides with the orc warrior!
The orc warrior is heavily wounded.
The killer bee is severely wounded.
The killer bee stings you but does no damage.
The killer bee closely misses you.
Unknown command.
Unknown command.
Casting: Gell's Gravitas (mildly dangerous; 2% risk of failure)
Confirm with . or Enter, or press ? or * to list all spells.
Aiming: Gell's Gravitas (mildly dangerous; 2% risk of failure)
Press: ? - help, Dir - move target, f/p - orc warrior
Aim: an orc warrior, wielding a +0 glaive and wearing a +0 chain mail (heavily wounded) Gravity reorients around the orc warrior.
The killer bee collides with the killer bee!
You kill the killer bee!
Fedhas appreciates your contribution to the ecosystem.
You kill the killer bee!
Fedhas appreciates your contribution to the ecosystem.
Unknown command.
Unknown command.
The orc warrior attacks as it pursues you!
The orc warrior hits you from afar with a +0 glaive.
* * * LOW HITPOINT WARNING * * *
The orc warrior attacks as it pursues you!
The orc warrior hits you from afar with a +0 glaive.
* * * LOW HITPOINT WARNING * * *
The orc warrior attacks as it pursues you!
The orc warrior hits you from afar with a +0 glaive!
* * * LOW HITPOINT WARNING * * *
Okay, then.
Unknown command.
You feel yourself speed up.
The orc warrior hits you from afar with a +0 glaive!
You die...
Fedhas appreciates your contribution to the ecosystem.

.?...y... #.# ......).#
#.########.##
........###............
..<.....)†.....########
##..?..######.#
######### #.# #.. #o#
#.# #.# #.# #@# ####.#
#.# #....###.#.#
#.#<.....#.#
#.########.#
#..........#
############


You could see an orc warrior.

Vanquished Creatures
  A two-headed ogre (D:6)
  A yak (D:7)
  A water moccasin (D:7)
  Duvessa (D:7)
  An orc warrior (D:6)
  A black bear (D:6)
  3 ice beasts
  A sky beast (D:7)
  2 ogres (D:5)
  2 phantoms (D:6)
  6 bullfrogs
  4 scorpions
  5 wights
  2 killer bees (D:8)
  Dowan (D:7)
  3 jellies
  A vampire bat (D:3)
  3 howler monkeys
  3 bombardier beetles
  5 hounds
  An orc priest (D:8)
  4 gnoll boudas
  An iguana (D:6)
  Natasha (thrice) (D:2)
  6 orc wizards
  8 mummies (Ossuary)
  15 gnolls
  9 adders
  A white imp (D:8)
  7 ufetubi
  2 dart slugs
  3 fire bats (D:3)
  4 ribbon worms
  20 orcs
  2 spectral bats (D:3)
  3 bat skeletons (D:3)
  A bat zombie (D:3)
  3 endoplasms (D:1)
  3 giant cockroaches
  3 goblins
  8 hobgoblins
  4 jackals (D:1)
  6 quokkas
  4 ball pythons
  15 bats
  A bat simulacrum (D:3)
  A hobgoblin zombie (Ossuary)
  9 kobolds
  4 kobold zombies (Ossuary)
  3 orc zombies (Ossuary)
  5 rats
206 creatures vanquished.

Notes
Turn   | Place    | Note
-------+----------+-------------------------------------------
     0 | D:1      | cdecastro the Armataur Warper began the quest for the Orb.
     0 | D:1      | Reached XP level 1. HP: 17/17 MP: 3/3
   214 | D:1      | Found a faded altar of an unknown god.
   221 | D:1      | Prayed at the altar of an unknown god.
   221 | D:1      | Became a worshipper of Zin the Law-Giver
   221 | D:1      | Reached * piety under Zin
   230 | D:1      | Reached XP level 2. HP: 24/24 MP: 4/4
   943 | D:2      | Reached XP level 3. HP: 24/29 MP: 5/5
  1081 | D:2      | Found Womipnea's General Store.
  1110 | D:2      | Bought a scroll of fear for 52 gold pieces
  1118 | D:2      | Noticed Natasha
  1129 | D:2      | Killed Natasha
  1130 | D:2      | Reached XP level 4. HP: 5/36 MP: 6/6
  1145 | D:2      | Noticed Natasha
  1303 | D:2      | Reached ** piety under Zin
  1335 | D:2      | Killed Natasha
  1336 | D:2      | Reached skill level 5 in Translocations
  1629 | D:2      | Noticed Natasha
  1636 | D:2      | Killed Natasha
  1637 | D:2      | Reached XP level 5. HP: 37/41 MP: 7/7
  1750 | D:2      | Reached skill level 1 in Long Blades
  1806 | D:2      | Found a runed translucent door.
  1807 | D:2      | Noticed Crazy Yiuf
  2004 | D:3      | Found a white marble altar of Elyvilon.
  2004 | D:3      | Found a faded altar of an unknown god.
  2012 | D:3      | Found a blossoming altar of Fedhas.
  2015 | D:3      | Found an opulent altar of Gozag.
  2016 | D:3      | Found a snail-covered altar of Cheibriados.
  2032 | D:3      | Fell from the grace of Zin
  2032 | D:3      | Became a worshipper of Fedhas Madash
  2344 | D:3      | Reached * piety under Fedhas
  2403 | D:3      | Reached XP level 6. HP: 47/48 MP: 8/8
  3077 | D:4      | Identified the +4 flail of Harmony {protect, Str+2 Int+7}
  3375 | D:4      | Reached ** piety under Fedhas
  3402 | D:4      | Gained mutation: You regenerate magic and health when
                  | rolling toward enemies. (Rampage Regen) [Armataur growth]
  3402 | D:4      | Reached XP level 7. HP: 47/53 MP: 9/9
  3556 | D:5      | Entered Level 5 of the Dungeon
  4347 | D:5      | Reached skill level 5 in Maces & Flails
  4347 | D:5      | Reached XP level 8. HP: 51/60 MP: 10/10
  4456 | D:5      | Learned a level 2 spell: Blink
  4459 | D:5      | Learned a level 2 spell: Lesser Beckoning
  4463 | D:5      | Learned a level 3 spell: Gell's Gravitas
  4467 | D:5      | Learned a level 3 spell: Teleport Other
  4473 | D:6      | Found a sand-covered staircase.
  4486 | Ossuary  | Entered an ossuary
  4749 | D:6      | Reached *** piety under Fedhas
  4896 | D:6      | Noticed a two-headed ogre
  4907 | D:6      | Killed a two-headed ogre
  5353 | D:6      | Reached XP level 9. HP: 65/67 MP: 11/11
  5814 | D:6      | HP: 4/100 [orc/+0 club (3)]
  6161 | D:6      | Found a staircase to the Ecumenical Temple.
  6184 | Temple   | Entered the Ecumenical Temple
  6311 | D:7      | Noticed Duvessa
  6311 | D:7      | Noticed Dowan
  6766 | D:6      | Reached **** piety under Fedhas
  7332 | D:7      | Killed Dowan
  7983 | D:7      | Found a runed translucent gate.
  7983 | D:7      | Found a runed translucent gate.
  7983 | D:7      | Found a runed translucent gate.
  7986 | D:7      | Found an opulent altar of Gozag.
  8024 | D:7      | Found a broken altar of Ashenzari.
  8193 | D:7      | Killed Duvessa
  8194 | D:7      | Reached XP level 10. HP: 49/73 MP: 3/12
  8357 | D:7      | Found a basalt altar of Yredelemnul.
  8378 | D:7      | Found a glowing golden altar of the Shining One.
  8380 | D:7      | Noticed an angel
  8495 | D:7      | Noticed Skyrie's ghost (novice OpFi)
  8759 | D:8      | Slain by an orc warrior

Illustrated notes

Levels and vault maps discovered:
D:1:      mrwooster_arrival_statue_3, layout_basic,
          shapermc_ecumenical_altar_venn
D:2:      layout_rooms, serial_shops, shop, minmay_mini_jars, uniq_natasha,
          uniq_crazy_yiuf_cottage
D:3:      layout_loops_ring, chequers_temple_overflow_minitemple, goddamned_bats
D:4:      layout_cave_pools, nrook_uturn
D:5:      kennysheep_spiral_hall, layout_gridville, minmay_fountain_box
D:6:      layout_loops_ring, minmay_temple_entry_nine_rooms,
          lightli_ossuary_entry_decrepit_ruins, chequers_serial_rivers_room_b,
          kennysheep_generic_room_10
D:7:      minmay_spotlight, layout_cave_pools, grunt_temple_overflow_holy_war,
          nicolae_ashenzari_panopticon, ebering_ghost_gozag,
          serial_bayou_pond_d, grunt_ministairs_1, uniq_duvessa
D:8:      layout_basic, enter_bailey_2, minivault_27, uniq_psyche
Temple:   minmay_temple_curvy_branch

Skill      XL: |  1  2  3  4  5  6  7  8  9 |
---------------+----------------------------+-----
Maces & Flails | 2 5 7 9 |  9.9
Translocations | 4 5 6 7 8 9 |  9.8
Long Blades    | 2 3 |  3.6
Fighting       | |  1.7
Throwing       | |  0.8
Armour         | |  1.2
Dodging        | |  1.3
Spellcasting   | |  1.7

Action                     |  1- 3 |  4- 6 |  7- 9 | 10-12 || total
---------------------------+-------+-------+-------+-------++-------
  Melee: Mace              |    52 |       |       |       ||    52
         Tailslap          |    10 |    22 |    53 |       ||    85
         Short sword       |    65 |    19 |       |       ||    84
         Punch             |     2 |     2 |     6 |       ||    10
         Falchion          |       |   160 |       |       ||   160
         Flail             |       |    18 |   343 |    24 ||   385
  Throw: Dart              |       |       |     4 |       ||     4
   Cast: Teleport Other    |       |       |     8 |       ||     8
         Gell's Gravitas   |       |       |     7 |     6 ||    13
 Invoke: Recite            |       |     3 |       |       ||     3
    Use: Scroll            |       |       |    12 |       ||    12
         Potion            |       |       |     3 |     1 ||     4
 Armour: Leather armour    |    41 |       |       |       ||    41
         Ring mail         |    66 |   196 |   233 |       ||   495
         Scale mail        |       |       |   151 |    34 ||   185
         Skin              |       |       |     6 |       ||     6
  Dodge: Dodged            |    71 |   140 |   165 |    19 ||   395
